 Dungeon Crawl Stone Soup version 0.29.1-4-g47bece8355 (webtiles) character file.

Game seed: 244673430140885572

2803 GorkyZ the Covered (level 9, -4/59 HPs)
             Began as a Gargoyle Fighter on Dec 11, 2022.
             Was an Initiate of Gozag.
             Slain by a two-headed ogre
             ... wielding a +0 giant club
              (33 damage)
             ... on level 8 of the Dungeon.
             The game lasted 00:26:15 (8321 turns).

GorkyZ the Covered (Gargoyle Fighter)               Turns: 8321, Time: 00:26:16

Health: -4/59      AC: 14    Str: 21    XL:     9   Next: 71%
Magic:  9/9        EV: 12    Int: 14    God:    Gozag
Gold:   762        SH:  6    Dex: 13    Spells: 8/8 levels left

rFire   . . .      SeeInvis .   n - +6 hammer
rCold   . . .      Faith    .   c - +0 buckler
rNeg    + . .      Spirit   .   e - +1 ring mail
rPois   ∞          Reflect  .   (no helmet)
rElec   +          Harm     .   (no cloak)
rCorr   .          Rampage  .   (no gloves)
Will    .....                   (no boots)
Stlth   +.........              (no amulet)
HPRegen 0.19/turn               t - +6 ring of intelligence
MPRegen 0.11/turn               x - ring of flight

@: flying
A: sickness immunity, AC +6, negative energy resistance 1, electricity
resistance, torment resistance 1, petrification resistance
a: Renounce Religion, Potion Petition, Call Merchant, Bribe Branch


You were on level 8 of the Dungeon.
You worshipped Gozag.
Gozag was pleased with you.
You visited 2 branches of the dungeon, and saw 9 of its levels.

You collected 867 gold pieces.
You paid 105 gold pieces to Gozag.

Inventory:

Hand Weapons
 a - a +1 war axe
 n - a +6 hammer (weapon)
 q - the +8 Wrath of Trog {antimagic, *Rage Rampage}
   (You found it on level 3 of the Dungeon)

   It reduces the magical energy of the wielder, and disrupts the spells and
   magical abilities of those it strikes.
   Natural abilities and divine invocations are not affected.
   It causes slowness and exhaustion when equipped.
   It extends the wielder's berserk rage when killing foes.
   *Rage:     It berserks you when you make melee attacks (+50% chance).
   Rampage:   It bestows one free step when moving towards enemies.
 y - a +5 spear
Missiles
 v - 7 poisoned darts (quivered)
Armour
 b - a +0 scale mail
 c - a +0 buckler (worn)
 e - a +1 ring mail (worn)
Jewellery
 t - a +6 ring of intelligence (left hand)
 x - a ring of flight (right hand)
Wands
 h - a wand of flame (53)
 r - a wand of iceblast (18)
 u - a wand of acid (9)
Scrolls
 f - a scroll of poison
 g - a scroll of magic mapping
 j - 3 scrolls of fog
 m - 6 scrolls of teleportation
Potions
 d - a potion of might
 i - 2 potions of degeneration
 k - 2 potions of attraction
 l - 2 potions of lignification {unknown}
 o - 3 potions of heal wounds {unknown}
 p - a potion of magic {unknown}
 s - a potion of cancellation {unknown}
 w - 2 potions of curing


   Skills:
 + Level 7.8 Fighting
 - Level 2.4(3.0) Axes
 + Level 2.8(3.4) Maces & Flails
 + Level 5.7 Throwing
 + Level 7.9 Armour
 + Level 5.2 Dodging
 + Level 7.8 Shields
 + Level 3.1 Evocations


You had 8 spell levels left.
You didn't know any spells.
Your spell library contained the following spells:

 Spells                   Type           Power      Damage    Failure   Level
 Foxfire                  Conj/Fire      0%         2x1d4     50%         1
 Summon Small Mammal      Summ           0%         N/A       50%         1
 Poisonous Vapours        Pois/Air       0%         N/A       63%         2
 Static Discharge         Conj/Air       0%         3-3/arc   63%         2
 Call Canine Familiar     Summ           0%         N/A       86%         3
 Conjure Flame            Conj/Fire      0%         6-21      86%         3
 Inner Flame              Hex/Fire       0%         N/A       86%         3
 Summon Guardian Golem    Hex/Summ       0%         N/A       86%         3
 Flame Wave               Conj/Fire      0%         2d4       99%         4
 Lightning Bolt           Conj/Air       0%         1d11      100%        5
 Maxwell's Capacitive Co  Air            0%         ∞         100%        8
 Corpse Rot               Necr/Pois/Air  Unusable   N/A       N/A         4

Dungeon Overview and Level Annotations

Branches:
Dungeon (8/15)             Temple (1/1) D:5
   Lair: D:8-11

Altars:
Cheibriados
Elyvilon
Gozag
Kikubaaqudgha
Makhleb
Ru
Sif Muna
Trog
Vehumet
Wu Jian
The Shining One


Innate Abilities, Weirdness & Mutations

You are immune to sickness and miasma.
Your stone body is resilient. (AC +6)
You are immune to poison.
You resist negative energy. (rN+)
You are resistant to electric shocks. (rElec)
You are resistant to unholy torment.
You are immune to petrification.


Message History

The two-headed ogre shouts in stereo!
Throw: 12 darts (poison)
Press: ? - help, Q - select action, (/) - cycle Shift-Dir - straight line, f/p - two-headed ogre
Aim: a two-headed ogre, wielding a +0 giant club and a +0 dire flail (77% to hit)
You throw a poisoned dart.
The poisoned dart hits the two-headed ogre!
The two-headed ogre is poisoned.
Throw: 11 darts (poison)
Press: ? - help, Q - select action, (/) - cycle Shift-Dir - straight line, f/p - two-headed ogre
Aim: a two-headed ogre, wielding a +0 giant club and a +0 dire flail (lightly wounded, very poisoned, 77% to hit)
You throw a poisoned dart.
The poisoned dart hits the two-headed ogre!
The two-headed ogre looks as sick as possible!
The two-headed ogre is lightly wounded.
Throw: 10 darts (poison)
Press: ? - help, Q - select action, (/) - cycle Shift-Dir - straight line, f/p - two-headed ogre
Aim: a two-headed ogre, wielding a +0 giant club and a +0 dire flail (lightly wounded, extremely poisoned, 77% to hit)
You throw a poisoned dart.
The poisoned dart completely misses the two-headed ogre.
The two-headed ogre enters a dispersal trap!
You blink.
The two-headed ogre blinks!
Throw: 9 darts (poison)
Press: ? - help, Q - select action, (/) - cycle Shift-Dir - straight line, f/p - two-headed ogre
Aim: a two-headed ogre, wielding a +0 giant club and a +0 dire flail (lightly wounded, extremely poisoned, 77% to hit)
You throw a poisoned dart.
The poisoned dart hits the two-headed ogre!
The two-headed ogre looks as sick as possible!
The two-headed ogre is lightly wounded.
Throw: 8 darts (poison)
Press: ? - help, Q - select action, (/) - cycle Shift-Dir - straight line, f/p - two-headed ogre
Aim: a two-headed ogre, wielding a +0 giant club and a +0 dire flail (lightly wounded, extremely poisoned, 77% to hit)
You throw a poisoned dart.
The poisoned dart hits the two-headed ogre!
The two-headed ogre looks as sick as possible!
The two-headed ogre is lightly wounded.
The two-headed ogre attacks as you move away!
The two-headed ogre hits you with a +0 giant club!!
Ouch! That really hurt!
You die...
Your body crumbles into a pile of gold.

..#...###.#......#. #)#
.##...# #........# #)# .
#...# #..#.#...######)###
.
#...###..........(..#.#.#
.
#...#.<.#...##.(...^...(#
##......#..###(.........#
#....#.#.## ##.#<...(.##
#(#..#...# ##........# #
#..#...####@O.......## ..
#...))...##.......#
.#....#.########..#.#.#
....>....# #.....#....#
......####.......####....#
...... ......# #####
...... ...... ......
######


You could see a two-headed ogre (extremely poisoned).

Vanquished Creatures
  Pikel (D:6)
  2 water moccasins (D:7)
  2 ogres (D:6)
  2 phantoms
  A bullfrog (D:8)
  A kobold brigand (D:7)
  2 gnoll sergeants
  3 scorpions
  7 wights
  5 hounds
  2 jellies
  Crazy Yiuf (D:4)
  3 iguanas
  5 orc wizards (D:8)
  Robin (D:3)
  10 gnolls
  9 adders
  A shadow imp (D:4)
  3 white imps
  An ufetubus (D:5)
  2 worms (D:2)
  A dart slug (D:1)
  15 orcs
  7 ball pythons
  4 bats
  2 endoplasms (D:1)
  2 giant cockroaches
  18 goblins
  8 hobgoblins
  14 jackals
  8 kobolds
  A quokka (D:3)
  6 frilled lizards
  3 rats
153 creatures vanquished.

Vanquished Creatures (collateral kills)
  A necrophage (D:8)
1 creature vanquished.

Vanquished Creatures (others)
  An orc (D:8)
1 creature vanquished.

Grand Total: 155 creatures vanquished

Notes
Turn   | Place    | Note
-------+----------+-------------------------------------------
     0 | D:1      | GorkyZ the Gargoyle Fighter began the quest for the Orb.
     0 | D:1      | Reached XP level 1. HP: 14/14 MP: 1/1
   103 | D:1      | Reached XP level 2. HP: 12/19 MP: 2/2
   482 | D:1      | Reached XP level 3. HP: 23/23 MP: 3/3
  1033 | D:2      | Reached skill level 1 in Throwing
  1264 | D:2      | Reached XP level 4. HP: 28/28 MP: 4/4
  1354 | D:2      | Reached skill level 1 in Evocations
  1910 | D:3      | Found the +8 Wrath of Trog {antimagic, *Rage Rampage}
  1929 | D:3      | Noticed a scorpion
  1936 | D:3      | Killed a scorpion
  1937 | D:3      | Reached skill level 1 in Dodging
  1937 | D:3      | Reached XP level 5. HP: 21/33 MP: 1/5
  2394 | D:3      | Noticed Robin
  2399 | D:3      | Killed Robin
  2557 | D:3      | Found a faded altar of an unknown god.
  2899 | D:4      | Reached skill level 5 in Throwing
  2899 | D:4      | Reached XP level 6. HP: 38/44 MP: 2/6
  3048 | D:4      | Reached XP level 7. HP: 48/48 MP: 2/7
  3360 | D:4      | Found a runed translucent door.
  3361 | D:4      | Noticed Crazy Yiuf
  3373 | D:4      | Killed Crazy Yiuf
  3974 | D:5      | Entered Level 5 of the Dungeon
  4421 | D:5      | Found a snail-covered altar of Cheibriados.
  4706 | D:5      | Found a staircase to the Ecumenical Temple.
  4731 | D:5      | Reached skill level 1 in Maces & Flails
  4742 | Temple   | Entered the Ecumenical Temple
  4952 | Temple   | Became a worshipper of Gozag Ym Sagoz the Greedy
  5175 | D:5      | Reached XP level 8. HP: 53/53 MP: 8/8
  5802 | D:6      | Noticed Pikel
  5826 | D:6      | Killed Pikel
  6016 | D:6      | Identified the +5 chain mail of the Old World {rF- Dex+4
                  | Slay+2}
  6357 | D:7      | Reached skill level 5 in Dodging
  6364 | D:7      | Reached XP level 9. HP: 48/57 MP: 9/9
  6426 | D:7      | Found a white marble altar of Elyvilon.
  6610 | D:7      | Found a burning altar of Makhleb.
  6929 | D:7      | Found a bloodstained altar of Trog.
  6932 | D:7      | Found a shimmering blue altar of Sif Muna.
  6935 | D:7      | Found a glowing golden altar of the Shining One.
  6938 | D:7      | Found an ornate altar of the Wu Jian Council.
  8306 | D:8      | Noticed a two-headed ogre
  8321 | D:8      | Slain by a two-headed ogre

Illustrated notes

Levels and vault maps discovered:
D:1:      evilmike_arrival_plus, layout_basic
D:2:      layout_rooms
D:3:      layout_loops_corners, chequers_ecumenical_altar_simple_redux,
          small_statue_intersection, uniq_robin
D:4:      layout_loops_ring, uniq_crazy_yiuf_cottage
D:5:      layout_basic, lemuel_round_altar, minmay_temple_entry_statues_pillars
D:6:      layout_rooms, hangedman_decor_slide_cut, uniq_pikel
D:7:      layout_cave_pools, makhleb_heckhound_becter, elyvilon_altar_5,
          grunt_temple_overflow_cloverleaf
D:8:      layout_rooms, hangedman_decor_growths
Temple:   nicolae_temple_figure_eight

Skill      XL: |  1  2  3  4  5  6  7  8  9 |
---------------+----------------------------+-----
Axes           | 2 |  2.4
Throwing       | 1 5 |  5.7
Evocations     | 1 2 3 |  3.1
Armour         | 4 7 |  7.9
Dodging        | 1 4 5 |  5.2
Fighting       | 7 |  7.8
Shields        | 7 |  7.8
Maces & Flails | 1 2 |  2.8

Action                   |  1- 3 |  4- 6 |  7- 9 || total
-------------------------+-------+-------+-------++-------
Melee: War axe           |    87 |    26 |     8 ||   121
       Battleaxe         |       |    45 |     3 ||    48
       Mace              |       |       |   332 ||   332
       Punch             |       |       |     1 ||     1
Throw: Dart              |       |       |    10 ||    10
  Use: Scroll            |       |    10 |     9 ||    19
       Potion            |       |     1 |     7 ||     8
 Stab: Distracted        |       |       |     3 ||     3
Armor: Scale mail        |    16 |       |       ||    16
       Ring mail         |    47 |    28 |   189 ||   264
Dodge: Dodged            |    60 |    27 |   252 ||   339
Block: Buckler           |    33 |     2 |   116 ||   151
